 Dungeon Crawl Stone Soup version 0.28.0-53-g5a82cb258f (webtiles) character file.

Game seed: 9461121280854015669

3595 Peloso the Carver (level 9, -13/79 HPs)
             Began as a Minotaur Fighter on July 19, 2022.
             Mangled by a two-headed ogre
             ... wielding a +0 giant club
              (18 damage)
             ... on level 8 of the Dungeon.
             The game lasted 00:12:28 (6654 turns).

Peloso the Carver (Minotaur Fighter)                Turns: 6654, Time: 00:12:28

Health: -13/79     AC:  8    Str: 23    XL:     9   Next: 85%
Magic:  8/8        EV: 12    Int:  5    God:
Gold:   443        SH:  6    Dex: 18    Spells: 8/8 levels left

rFire   . . .      SeeInvis .   a - +0 long sword
rCold   . . .      Faith    .   c - +0 buckler
rNeg    . . .      Spirit   .   b - +0 scale mail
rPois   .          Reflect  .   (helmet restricted)
rElec   .          Harm     .   (no cloak)
rCorr   .          Rampage  .   (no gloves)
Will    .....                   (no boots)
Stlth   +.........              f - amulet of regeneration
HPRegen 1.03/turn               y - +6 ring of dexterity
MPRegen 0.11/turn               (no ring)

@: no status effects
A: horns 2, retaliatory headbutt
a: no special abilities


You were on level 8 of the Dungeon.
You visited 2 branches of the dungeon, and saw 9 of its levels.

You collected 443 gold pieces.

Inventory:

Hand Weapons
 a - a +0 long sword (weapon)
Armour
 b - a +0 scale mail (worn)
 c - a +0 buckler (worn)
Jewellery
 f - an amulet of regeneration (around neck)
 i - a ring of positive energy
 n - a ring of ice
 q - a ring of positive energy
 y - a +6 ring of dexterity (left hand)
Scrolls
 g - 2 scrolls of teleportation
 h - 2 scrolls of blinking {unknown}
 k - a scroll of fog {unknown}
 m - a scroll of torment {unknown}
 r - 3 scrolls of identify
 u - a scroll of holy word {unknown}
 v - a scroll of enchant weapon {unknown}
Potions
 d - a potion of might
 e - 4 potions of heal wounds
 j - 2 potions of mutation
 l - 2 potions of curing
 o - 2 potions of ambrosia {unknown}
 p - a potion of resistance {unknown}
 s - a potion of cancellation {unknown}
 t - 2 potions of haste {unknown}
 w - a potion of flight {unknown}
 x - a potion of brilliance {unknown}


   Skills:
 + Level 7.1 Fighting
 + Level 10.4 Long Blades
 + Level 0.1 Throwing
 + Level 9.4 Armour
 + Level 4.6 Dodging
 + Level 2.2 Stealth
 + Level 6.9 Shields


You had 8 spell levels left.
You didn't know any spells.
Your spell library contained the following spells:

 Spells                   Type           Power      Damage    Failure   Level
 Summon Small Mammal      Summ           0%         N/A       83%         1
 Ensorcelled Hibernation  Hex/Ice        0%         N/A       92%         2
 Passwall                 Tmut/Erth      0%         N/A       92%         2
 Call Canine Familiar     Summ           0%         N/A       99%         3
 Summon Guardian Golem    Hex/Summ       0%         N/A       99%         3
 Swiftness                Air            0%         N/A       99%         3
 Blade Hands              Tmut           0%         N/A       100%        5
 Irradiate                Conj/Tmut      0%         3d13      100%        5
 Iskenderun's Battlesphe  Conj           0%         2d6       100%        5
 Iron Shot                Conj/Erth      0%         9d1       100%        6
 Dragon Form              Tmut           0%         N/A       100%        7
 Spellforged Servitor     Conj/Summ      0%         N/A       100%        7


Dungeon Overview and Level Annotations

Branches:
Dungeon (8/15)             Temple (1/1) D:5
   Lair: D:8-11

Altars:
Ashenzari
Cheibriados
Elyvilon
Gozag
Hepliaklqana
Kikubaaqudgha
Makhleb
Nemelex Xobeh
Qazlal
Ru
Sif Muna
Trog
Uskayaw
Wu Jian
Xom
Yredelemnul
The Shining One

Shops:
D:4 (   D:6 *

Annotations:
D:4 2 runed translucent doors


Innate Abilities, Weirdness & Mutations

You have a pair of horns on your head.
You reflexively headbutt those who attack you in melee.


Message History

Things that are here:
a +0 shortbow; 10 arrows; a centaur corpse
Things that are here:
a +0 dagger; a +0 whip; 4 stones
Things that are here:
a +0 dagger; 5 stones
Things that are here:
a +0 short sword; 7 poisoned darts; a kobold corpse Search for what [Enter for "weapon", or ? for help]? okawaru Can't find anything matching that.
Found 14 stones.
Found 20 arrows.
Found 28 sling bullets.
e - 4 potions of heal wounds (gained 1)
You open the door.
There is an open door here.
A two-headed ogre and an orc come into view.
The two-headed ogre shouts in stereo!
The orc shouts!
Found a scroll of identify.
You slash the two-headed ogre!
The two-headed ogre is moderately wounded.
The two-headed ogre hits you with a +0 giant club!!
The two-headed ogre hits you with a +0 giant club!
You hit the two-headed ogre. You headbutt the two-headed ogre.
The two-headed ogre is heavily wounded.
The two-headed ogre closely misses you.
The two-headed ogre hits you with a +0 giant club!
You barely miss the two-headed ogre. You headbutt the two-headed ogre.
The two-headed ogre is heavily wounded.
You hit the two-headed ogre but do no damage.
The two-headed ogre is heavily wounded.
The two-headed ogre hits you with a +0 giant club!!
* * * LOW HITPOINT WARNING * * *
The two-headed ogre hits you with a +0 giant club!
* * * LOW HITPOINT WARNING * * *
You completely miss the two-headed ogre.
The two-headed ogre is heavily wounded.
You block the two-headed ogre's attack.
The two-headed ogre hits you with a +0 giant club!!
You die...

#.#.#.# #.#.#. #.#.#
#.#( #.# ############.
#............
...#########.#.....####.
?..'.oO@................
...#####...........####.
#...........# #.
#...........# #.
#(.....###### #.
#####'## #. #.# #. #.# .
#.#


You could see a two-headed ogre and an orc.

Vanquished Creatures
  A two-headed ogre (D:7)
  A wyvern (D:7)
  2 water moccasins
  A black bear (D:3)
  An ice beast (D:6)
  A necrophage (D:7)
  4 ogres
  A centaur (D:8)
  A phantom (D:6)
  3 bullfrogs
  A kobold brigand (D:8)
  3 scorpions
  6 killer bees (D:6)
  3 wights (D:7)
  A howler monkey (D:4)
  A bullfrog zombie (D:7)
  3 hounds
  4 jellies
  4 orc priests
  2 gnoll shamans
  8 iguanas
  4 orc wizards
  A hound zombie (D:5)
  10 gnolls
  A howler monkey zombie (D:7)
  2 howler monkey skeletons
  7 adders
  A white imp (D:5)
  An ufetubus (D:5)
  A worm (D:3)
  4 dart slugs
  12 orcs
  5 bats
  6 endoplasms
  6 giant cockroaches
  6 goblins
  10 hobgoblins
  4 quokkas
  9 ball pythons
  2 frilled lizards
  12 kobolds
  7 rats
163 creatures vanquished.

Vanquished Creatures (others)
  6 fungi (D:7)
  4 toadstools (D:7)
10 creatures vanquished.

Grand Total: 173 creatures vanquished

Notes
Turn   | Place    | Note
-------+----------+-------------------------------------------
     0 | D:1      | Peloso the Minotaur Fighter began the quest for the Orb.
     0 | D:1      | Reached XP level 1. HP: 19/19 MP: 0/0
   138 | D:1      | Found a faded altar of an unknown god.
   366 | D:1      | Reached XP level 2. HP: 27/27 MP: 1/1
   884 | D:2      | Reached XP level 3. HP: 31/33 MP: 2/2
  1054 | D:2      | Reached skill level 3 in Long Blades
  1541 | D:2      | Reached XP level 4. HP: 40/40 MP: 3/3
  2063 | D:3      | Noticed a black bear
  2074 | D:3      | Killed a black bear
  2075 | D:3      | Reached skill level 4 in Long Blades
  2075 | D:3      | Reached skill level 5 in Armour
  2075 | D:3      | Reached skill level 1 in Dodging
  2075 | D:3      | Reached skill level 1 in Stealth
  2075 | D:3      | Reached XP level 5. HP: 36/46 MP: 4/4
  2511 | D:4      | Reached XP level 6. HP: 34/53 MP: 5/5
  2659 | D:4      | Found Otwo's Weapon Boutique.
  2673 | D:4      | Reached skill level 5 in Long Blades
  2791 | D:4      | Found a large runed translucent door.
  2791 | D:4      | Found a large runed translucent door.
  2876 | D:4      | You fall into a shaft and drop 3 floors!
  2910 | D:7      | Reached skill level 5 in Shields
  2991 | D:6      | Reached skill level 5 in Fighting
  2998 | D:6      | Found Itwufi's Gadget Gallery.
  3022 | D:5      | Entered Level 5 of the Dungeon
  3062 | D:6      | Reached XP level 7. HP: 49/61 MP: 6/6
  3229 | D:5      | Reached skill level 6 in Long Blades
  3270 | D:5      | Found a staircase to the Ecumenical Temple.
  3277 | Temple   | Entered the Ecumenical Temple
  3866 | D:5      | Reached skill level 7 in Long Blades
  3866 | D:5      | Reached XP level 8. HP: 52/69 MP: 7/7
  4003 | D:5      | Found a sparkling altar of Nemelex Xobeh.
  4004 | D:5      | Found an opulent altar of Gozag.
  4799 | D:6      | Reached skill level 8 in Long Blades
  5229 | D:6      | Reached XP level 9. HP: 33/77 MP: 8/8
  5356 | D:6      | Reached skill level 9 in Long Blades
  5872 | D:7      | Found a bloodstained altar of Trog.
  5872 | D:7      | Found a broken altar of Ashenzari.
  6262 | D:7      | Noticed a two-headed ogre
  6276 | D:7      | Killed a two-headed ogre
  6277 | D:7      | Reached skill level 10 in Long Blades
  6646 | D:8      | Noticed a two-headed ogre
  6654 | D:8      | Mangled by a two-headed ogre

Illustrated notes

Levels and vault maps discovered:
D:1:      dpeg_arrival_oval, layout_rooms, serial_curves, eino_curves_03,
          eino_curves_04, hellmonk_ecumenical_altar_zigzags
D:2:      layout_loops_ring, minmay_misc_feat_chi
D:3:      layout_basic, minmay_unequal
D:4:      layout_cave_pods, jmf_multi_god_temple2, serial_shops,
          nicolae_shop_crystal
D:5:      layout_layer_cave, grunt_temple_overflow_opulence,
          minmay_temple_entry_trees, minmay_fractal_squares_gapless_5
D:6:      layout_basic, kennysheep_cluttered_room, nicolae_shop_gadgets
D:7:      layout_cave_pods, minitemple, minmay_gold_behind_fungi
D:8:      layout_basic, kennysheep_opposing_triangles, uniq_erica
Temple:   cyrus_circular_temple

Skill      XL: |  1  2  3  4  5  6  7  8  9 |
---------------+----------------------------+-----
Armour         | 4 5 6 7 9 |  9.4
Fighting       | 4 5 6 7 |  7.1
Shields        | 4 5 6 |  6.9
Long Blades    | 3 4 5 7 8 10 | 10.4
Dodging        | 1 2 3 4 |  4.6
Stealth        | 1 2 |  2.2
Throwing       | |  0.1

Action                   |  1- 3 |  4- 6 |  7- 9 || total
-------------------------+-------+-------+-------++-------
Melee: Long sword        |    89 |   134 |   311 ||   534
       Headbutt          |    14 |    32 |    66 ||   112
Throw: Throwing net      |       |       |     1 ||     1
  Use: Scroll            |     2 |     2 |     1 ||     5
Armor: Scale mail        |    51 |    59 |    89 ||   199
Dodge: Dodged            |    30 |    60 |   180 ||   270
Block: Buckler           |    13 |    36 |   103 ||   152
